 Dungeon Crawl Stone Soup version 0.32-a0-886-g41c5271027 (webtiles) character file.

Game seed: 8268995460733246543

194 DEFE the Chopper (level 5, -1/41 HPs)
             Began as a Coglin Fighter on Apr 2, 2024.
             Slain by an orc wizard
             ... wielding a +0 dagger of venom
              (2 damage)
             ... on level 4 of the Dungeon.
             The game lasted 00:02:25 (2447 turns).

DEFE the Chopper (Coglin Fighter)                   Turns: 2447, Time: 00:02:27

Health: -1/41      AC:  9    Str: 18    XL:     5   Next: 73%
Magic:  5/5        EV:  8    Int:  8    God:
Gold:   185        SH:  0    Dex: 13    Spells: 4/4 levels left

rFire   . . .        a - +0 war axe {Paramjit}
rCold   . . .        g - +0 mace {Chakide}
rNeg    . . .        b - +0 scale mail
rPois   .            e - +1 helmet
rElec   .            m - +0 cloak
rCorr   .            (no gloves)
SInv    .            (no boots)
Will    .....        (amulet unavailable) Stlth
                     (ring unavailable)
HPRegen 0.26/turn    (ring unavailable)
MPRegen 0.09/turn    (no gizmo)

%: no passive effects
@: confused, mighty, lethally poisoned (-1 -> -8), studying Dodging, revving
A: off-hand wielding, slow wielding, warmup strikes, no jewellery, MP-powered
wands, persistent drain
a: Invent Gizmo


You were on level 4 of the Dungeon.
You visited 1 branch of the dungeon, and saw 4 of its levels.

You collected 185 gold pieces.

Inventory:

Hand Weapons
 a - a +0 war axe (weapon) {Paramjit}
 g - a +0 mace (offhand) {Chakide}
 o - a +2 hand cannon of draining
 r - a +0 sling
Armour
 b - a +0 scale mail (worn)
 c - a +0 buckler
 e - a +1 helmet (worn)
 m - a +0 cloak (worn)
 q - a +0 plate armour
Scrolls
 f - a scroll of fog {unknown}
 j - a scroll of revelation {unknown}
 l - 7 scrolls of identify {unknown}
 n - a scroll of amnesia {unknown}
 s - a scroll of blinking {unknown}
Potions
 d - a potion of might
 h - a potion of attraction {unknown}
 i - a potion of lignification {unknown}
 p - a potion of mutation


   Skills:
 - Level 3.0 Fighting
 - Level 3.8 Axes
 + Level 3.7 Ranged Weapons
 - Level 2.6 Armour
 - Level 2.1 Shields


You had 4 spell levels left.
You didn't know any spells.
Your spell library contained the following spells:

 Spells                   Type           Power      Damage    Failure   Level
 Summon Small Mammal      Summ           0%         N/A       80%         1
 Mercury Vapours          Alch/Air       0%         N/A       91%         2
 Call Canine Familiar     Summ           0%         N/A       99%         3
 Mephitic Cloud           Conj/Alch/Air  0%         N/A       99%         3
 Leda's Liquefaction      Alch/Erth      0%         N/A       100%        4
 Summon Blazeheart Golem  Fire/Summ      0%         N/A       100%        4
 Freezing Cloud           Conj/Ice/Air   0%         6-21      100%        5
 Lee's Rapid Deconstruct  Erth           0%         3d4*      100%        5
 Permafrost Eruption      Ice/Erth       0%         2x4d1     100%        6


Dungeon Overview and Level Annotations

Branches:
Dungeon (4/15)
 Temple: D:4-7

Altars:
Fedhas
Uskayaw

Annotations:
D:1 exclusion: door


Innate Abilities, Weirdness & Mutations

You can wield a second weapon in your off-hand.
It takes a long time for you to wield or remove held weapons.
Your first few attacks do less damage.
You cannot equip rings or amulets.
You expend magic power (3 MP) to strengthen your wands.
Your health recovers twice as slowly from being drained.


Message History

You feel very sick.
You hear some strange, mumbled words.
A puff of flame appears from out of thin air!
The puff of flame hits you. Something hits you but does no damage.
You are lethally poisoned!
You miss something with your +0 mace.
You barely miss something with your +0 war axe.
* * * LOW HITPOINT WARNING * * *
You feel very sick. Something hits you but does no damage.
You are more poisoned.
Unknown command.
You hit something but do no damage.
You barely miss something with your +0 war axe.
* * * LOW HITPOINT WARNING * * *
You feel very sick. Something hits you but does no damage.
You are more poisoned.
Unknown command.
You feel better.
You hear some strange, mumbled words.
A puff of flame appears from out of thin air!
The puff of flame hits you!
* * * LOW HITPOINT WARNING * * *
Unknown command.
Okay, then.
You feel very mighty all of a sudden.
You hear some strange, mumbled words.
You are confused.
You bump into the rock wall.
Something hits you but does no damage.
You are lethally poisoned!
Unknown command.
It was a potion of mutation.
You feel extremely strange.
You begin to recover more slowly from draining effects.
You feel your magical essence link to the dungeon's wands.
* * * LOW HITPOINT WARNING * * *
You feel very sick.
Reactivating autopickup.
An orc wizard appears from thin air!
The orc wizard hits you with a +0 dagger of venom.
You die...

.# .. .# # #.# #. ..#
.## ##..# .. #.#.## #
##### #g##.#..#
#.###....
#.#@#...####......##
#o#†)†.........#...
#....##.#.########...#.
#.##...##.# ##.#.. ####
#.# #####.... #.#
.........
#.##...........
#.##..#####..#. #.##..#
#....


You could see an orc wizard.

Vanquished Creatures
  3 orc wizards (D:3)
  2 adders
  2 ribbon worms
  3 dart slugs
  7 orcs
  4 endoplasms
  4 giant cockroaches
  15 goblins
  11 hobgoblins
  2 jackals (D:3)
  4 kobolds
  A quokka (D:1)
  5 ball pythons
  6 bats
  2 frilled lizards (D:1)
  8 rats
79 creatures vanquished.

Notes
Turn   | Place    | Note
-------+----------+-------------------------------------------
     0 | D:1      | DEFE the Coglin Fighter began the quest for the Orb.
     0 | D:1      | Reached XP level 1. HP: 18/18 MP: 1/1
    30 | D:1      | Reached XP level 2. HP: 24/24 MP: 2/2
   312 | D:1      | Reached XP level 3. HP: 24/29 MP: 3/3
  1054 | D:2      | Reached skill level 1 in Ranged Weapons
  1131 | D:2      | Reached XP level 4. HP: 35/35 MP: 4/4
  1570 | D:3      | Found a blossoming altar of Fedhas.
  1868 | D:3      | Reached XP level 5. HP: 28/41 MP: 5/5
  2214 | D:3      | Found a hide-covered altar of Uskayaw.
  2447 | D:4      | Gained mutation: Your health recovers twice as slowly from
                  | being drained. [potion of mutation]
  2447 | D:4      | Gained mutation: You expend magic power (3 MP) to
                  | strengthen your wands. [potion of mutation]
  2447 | D:4      | HP: 1/41 [poisoned by an orc wizard]
  2447 | D:4      | Slain by an orc wizard

Illustrated notes

Levels and vault maps discovered:
D:1:      dpeg_arrival_morbid_curiosity, layout_basic, minmay_vboxes
D:2:      layout_basic, minmay_domino_2
D:3:      layout_basic, mainiacjoe_overflow_catwalk,
          mainiacjoe_overflow_six_doors_small, kennysheep_generic_room_3
D:4:      layout_loops_ring, nemelex_dance_club_becter, gup_sewer_entry_spiral,
          minmay_misc_feat_tower, chequers_serial_rivers_micro_e,
          minmay_manual_mess, uniq_robin, uniq_sigmund

Skill      XL: |  1  2  3  4  5 |
---------------+----------------+-----
Axes           | 3 |  3.8
Ranged Weapons | 1 2 3 |  3.7
Fighting       | |  3.0
Armour         | |  2.6
Shields        | |  2.1

Action                     |  1- 3 |  4- 6 || total
---------------------------+-------+-------++-------
  Melee: War axe           |    54 |    56 ||   110
         Mace              |    29 |    58 ||    87
    Use: Potion            |       |     4 ||     4
 Armour: Scale mail        |    44 |    95 ||   139
  Dodge: Dodged            |    29 |    36 ||    65
  Block: Buckler           |     4 |       ||     4

Table legend: (Time is in decaauts)
 A = Elapsed time spent in this place.
 B = Non-inter-level travel time spent in this place.
 C = Inter-level travel time spent in this place.
 D = Time resting spent in this place.
 E = Time spent auto-exploring this place.
 F = Levels seen in this place.
 G = Mean time per level.
                   A        B        C        D        E       F      G
               +--------+--------+--------+--------+--------+-----+--------+
         Total |   2489 |   2332 |    157 |    204 |   1637 |   4 |  622.2 |
       Dungeon |   2489 |   2332 |    157 |    204 |   1637 |   4 |  622.2 |
               +--------+--------+--------+--------+--------+-----+--------+

Top non-repeatable levels by time:
     D:3: 851 daAuts
     D:1: 845 daAuts
     D:2: 661 daAuts
     D:4: 130 daAuts
